 Dungeon Crawl Stone Soup version 0.17.1-2-g5865329 (webtiles) character file.

32 PossumBlood the Sneak (level 3, -2/24 HPs)
             Began as a Vampire Enchanter on Jan 26, 2016.
             Slain by a gnoll (9 damage)
             ... on level 2 of the Dungeon.
             The game lasted 00:04:07 (1481 turns).

PossumBlood the Sneak (Vampire Enchanter)           Turns: 1481, Time: 00:04:07

Health: -2/24      AC:  3    Str:  7    XL:     3   Next: 10%
Magic:  6/6        EV: 12    Int: 17    God:
Gold:   73         SH:  0    Dex: 15    Spells: 1 memorised, 5 levels left

rFire  . . .     SeeInvis +     a - +1 dagger
rCold  . . .     Clarity  .     b - +1 robe
rNeg   + . .     SustAt   .     (no shield)
rPois  .         Gourm    .     (no helmet)
rElec  .         Spirit   .     (no cloak)
rCorr  +         Warding  .     (no gloves)
rMut   .         Stasis   .     (no boots)
MR     .....                    f - amulet of resist corrosion
Stlth  +++.......               (no ring)
                                (no ring)

@: not resistant to hostile enchantments, fairly stealthy
A: fangs 3, see invisible, unbreathing
a: Bat Form


You were on level 2 of the Dungeon.
You were not thirsty.

You visited 1 branch of the dungeon, and saw 2 of its levels.

You collected 73 gold pieces.

Inventory:

Hand Weapons
 a - a +1 dagger (weapon)
Armour
 b - a +1 robe (worn)
Jewellery
 f - an amulet of resist corrosion (around neck)
Scrolls
 e - a scroll of remove curse {unknown}
 g - a scroll of identify {unknown}
 j - a scroll of magic mapping {unknown}
 l - a scroll of recharging {unknown}
 n - a scroll of immolation {unknown}
Potions
 d - 6 potions of blood
 h - a potion of heal wounds {unknown}
 i - a potion of haste {unknown}
 k - 2 potions of might {unknown}
 m - a potion of resistance {unknown}
Books
 c - a book of Maledictions

   Spells                             Type                      Level
   a - Corona                         Hexes                        1
   b - Ensorcelled Hibernation        Hexes/Ice                    2
   c - Confuse                        Hexes                        3
   d - Tukima's Dance                 Hexes                        3
   e - Dazzling Spray                 Conjuration/Hexes            3
Miscellaneous
 o - a plain deck of wonders


   Skills:
 + Level 2.4 Short Blades
 - Level 2.1 Dodging
 + Level 5.6 Stealth
 - Level 2.0 Spellcasting
 - Level 4.4 Hexes


You had 5 spell levels left.
You knew the following spells:

 Your Spells              Type           Power        Failure   Level  Hunger
a - Corona                Hex            ###....      3%          1    #......


Dungeon Overview and Level Annotations

Branches:
Dungeon (2/15)

Altars:
Nemelex Xobeh
Qazlal


Innate Abilities, Weirdness & Mutations

You have razor-sharp teeth.
You have supernaturally acute eyesight.
You can survive without breathing.


Message History

* * * LOW HITPOINT WARNING * * *
You are too injured to fight recklessly!
You are too injured to fight recklessly!
You are too injured to fight recklessly!
You are too injured to fight recklessly!
You are too injured to fight recklessly!
You are too injured to fight recklessly!
You are too injured to fight recklessly!
You are too injured to fight recklessly!
Drink which item? (? for menu, Esc to quit)
Yummy - fresh blood!
The gnoll hits you but does no damage.
You barely miss the gnoll.
The gnoll is moderately wounded.
The gnoll closely misses you.
You hit the gnoll.
The gnoll is severely wounded.
You hit the gnoll.
The gnoll is severely wounded.
The gnoll hits you!
You die...

#####..###.####
##.## ##.####
#####.## ##)..#
.......## ##.##.#
######..###.###.#
#...#.## #.#
#..#.## #.#
#..#.#
#.#########.##
#..#.#
#.@ggg.......#
#..#.#
###########..#
#..#.##########
##.#.#...(.......
#.###...#########
###.#.#.##
#.....#.#
#.#####.#
##.#####.#


You could see 3 gnolls.

Vanquished Creatures
  An adder (D:2)
  2 goblins (D:1)
  4 hobgoblins (D:1)
  2 jackals (D:2)
  4 bats (D:1)
  A giant cockroach (D:2)
  A giant newt (D:1)
  2 kobolds
  6 rats
23 creatures vanquished.

Notes
Turn   | Place    | Note
--------------------------------------------------------------
     0 | D:1      | PossumBlood the Vampire Enchanter began the quest for the Orb.
     0 | D:1      | Reached XP level 1. HP: 13/13 MP: 3/3
   455 | D:1      | Reached XP level 2. HP: 16/19 MP: 5/5
   490 | D:1      | Reached skill level 5 in Stealth
  1249 | D:2      | Reached XP level 3. HP: 17/24 MP: 6/6
  1259 | D:2      | Found a stormy altar of Qazlal.
  1366 | D:2      | Found a sparkling altar of Nemelex Xobeh.
  1481 | D:2      | Slain by a gnoll

Action                   || total
-------------------------++-------
Melee: Dagger            ||   110
  Use: Potion            ||     2
 Stab: Sleeping          ||     7
